 Dungeon Crawl Stone Soup version 0.29-a0-845-g6161e89988 (webtiles) character file.

Game seed: 5859295006423634421

1469180 Endy73 the Axe Maniac (level 27, 273/273 HPs)
             Began as a Hill Orc Berserker on July 13, 2022.
             Was a High Priest of Trog.
             Escaped with the Orb
             ... and 3 runes on July 15, 2022!
             The game lasted 07:11:22 (91388 turns).

Endy73 the Axe Maniac (Hill Orc Berserker)         Turns: 91388, Time: 07:11:22

Health: 273/273    AC: 62    Str: 30    XL:     27
Magic:  23/23      EV: 16    Int: 10    God:    Trog [*****.]
Gold:   3908       SH:  0    Dex: 14    Spells: 26/26 levels left

rFire   + + +      SeeInvis +   U - +7 executioner's axe (vorpal)
rCold   . . .      Faith    .   (shield currently unavailable)
rNeg    . . .      Spirit   .   p - +8 orange crystal plate armour {Archmagi, Int+3 Clar}
rPois   .          Reflect  .   b - +2 helmet {SInv}
rElec   +          Harm     .   l - +2 cloak {rCorr}
rCorr   +          Rampage  +   X - +2 pair of gloves of the Stone Wall {Rampage rElec rF+}
Will    ++...      Archmagi +   r - +2 pair of boots {Fly}
Stlth   .......... Clarity  +   u - amulet of the acrobat
HPRegen 0.55/turn               B - ring of protection from cold
MPRegen 0.18/turn               E - ring "Gokkatug" {rF++ rC- AC+4 Dex+2}

@: mighty, flying, hasted (expiring), very quick
A: iridescent scales 1, dopey 1
0: Orb of Zot
}: 3/15 runes: decaying, silver, gossamer
a: Renounce Religion, Berserk, Trog's Hand, Brothers in Arms


You escaped.
You worshipped Trog.
Trog was extremely pleased with you.
You visited 8 branches of the dungeon, and saw 45 of its levels.
You visited the Abyss 1 time.
You also visited: Volcano.

You collected 6786 gold pieces.
You spent 2878 gold pieces at shops.

Inventory:

Hand Weapons
 U - a +7 vorpal executioner's axe (weapon)
Missiles
 n - 33 curare-tipped darts (quivered)
 M - 26 atropa-tipped darts
Armour
 b - a +2 helmet of see invisible (worn)
 l - a +2 cloak of preservation (worn)
 p - the +8 orange crystal plate armour (worn) {Archmagi, Int+3 Clar}
   (You found it on level 2 of the Depths)

   Int:       It affects your intelligence (+3).
   Clar:      It protects you against confusion.
 r - a +2 pair of boots of flying (worn)
 W - a +10 plate armour of poison resistance
 X - the +2 pair of gloves of the Stone Wall (worn) {Rampage rElec rF+}
   (You found it in a volcano)

   rF:        It protects you from fire.
   rElec:     It insulates you from electricity.
   Rampage:   It bestows one free step when moving towards enemies.
Jewellery
 k - a +6 ring of dexterity
 t - an amulet of reflection
 u - an amulet of the acrobat (around neck)
 w - a +4 ring of evasion
 x - a +6 ring of strength
 A - an amulet of regeneration
 B - a ring of protection from cold (left hand)
 E - the ring "Gokkatug" (right hand) {rF++ rC- AC+4 Dex+2}
   (You found it on level 6 of the Lair of Beasts)

   [ring of protection]

   AC:        It affects your AC (+4).
   Dex:       It affects your dexterity (+2).
   rF:        It greatly protects you from fire.
   rC:        It makes you vulnerable to cold.
 F - an amulet of magic regeneration
 R - a ring of protection from fire
 S - a ring of poison resistance
 T - a +6 ring of intelligence
 Y - a ring of positive energy
Wands
 a - a wand of flame (63)
 s - a wand of paralysis (48)
 z - a wand of digging (4)
 C - a wand of roots (24)
 K - a wand of mindburst (15)
 P - a wand of polymorph (17)
 V - a wand of acid (20)
Scrolls
 c - 2 scrolls of silence
 f - 8 scrolls of fear
 j - 3 scrolls of blinking
 q - 2 scrolls of enchant weapon
 y - 6 scrolls of fog
 D - 6 scrolls of magic mapping
 G - 19 scrolls of teleportation
 J - 6 scrolls of poison
 N - 3 scrolls of summoning
Potions
 d - 12 potions of mutation
 e - 4 potions of haste
 g - 30 potions of curing
 h - 9 potions of heal wounds
 i - 3 potions of might
 m - a potion of resistance
 o - 10 potions of ambrosia
 v - a potion of magic
 H - 8 potions of cancellation
 Q - 3 potions of berserk rage
 Z - 2 potions of invisibility
Miscellaneous
 I - a phial of floods
 L - a box of beasts
 O - a phantom mirror


   Skills:
 O Level 27 Fighting
 O Level 27 Axes
 - Level 1.5(15.4) Maces & Flails
 - Level 1.6 Throwing
 O Level 27 Armour
 + Level 21.3 Dodging
 + Level 2.5 Shields
 + Level 10.5 Evocations


You had 26 spell levels left.
You didn't know any spells.
Your spell library contained the following spells:

 Spells                   Type           Power      Damage    Failure   Level
 Leda's Liquefaction      Hex/Erth       0%         N/A       100%        4
 Lee's Rapid Deconstruct  Erth           0%         3d5*      100%        5
 Statue Form              Tmut/Erth      0%         N/A       100%        6


Dungeon Overview and Level Annotations

Branches:
Dungeon (15/15)            Temple (0/1) D:6            Lair (6/6) D:9
  Swamp (4/4) Lair:4       Spider (4/4) Lair:2        Slime (0/5) Lair:5
    Orc (2/2) D:10            Elf (0/3) Orc:2        Vaults (5/5) D:14
  Crypt (0/3) Vaults:2     Depths (4/4) D:15            Zot (5/5) Depths:4
Volcano (visited)

Altars:
Ashenzari
Cheibriados
Elyvilon
Fedhas
Kikubaaqudgha
Makhleb
Okawaru
Qazlal
Ru
Trog
Uskayaw
Vehumet
Wu Jian
Xom
Yredelemnul
Zin
Beogh
Jiyva

Shops:
D:2 :   D:9 *   Orc:2 =(=::   Vaults:1 :   Vaults:3 [*   Depths:3 :!*:
Depths:4 :=:

Portals:
Hell: Depths:1 Depths:2 Depths:3 Depths:4
Abyss: Depths:3
Pandemonium: Depths:2
Ziggurat: Depths:1

Annotations:
D:10 exclusion: orange crystal statue
Lair:1 exclusion: oklob plant
Lair:6 exclusion: obsidian statue
Zot:2 1 runed translucent door, Xiuhytzi's ghost, adept MiFi


Innate Abilities, Weirdness & Mutations

You are partially covered in iridescent scales. (AC +2)
You are dopey. (Int -2)


Message History

You fly upwards.
There is a stone staircase leading down here.
There is a stone staircase leading up here.
You fly upwards.
There is a stone staircase leading down here.
There is a stone staircase leading up here.
You see here a staff of cold.
You fly upwards.
There is a stone staircase leading down here.
You feel a little less mighty now.
You feel yourself speed up.
An Orb Guardian comes into view.
The Orb Guardian moves out of view.
There is a stone staircase leading up here.
You see here a +0 dagger.
You fly upwards.
There is a stone staircase leading down here.
You see here a +0 club.
There is an open door here.
There is an escape hatch in the ceiling here.
A mysterious force pulls you upwards. The hatch slams shut behind you.
Your extra speed is starting to run out.
You feel very mighty all of a sudden.
You feel yourself slow down.
There is a stone staircase leading up here.
You see here the +7 staff of the Meek {protect, meekguard}.
You fly upwards.
There is a stone staircase leading down here.
You feel yourself speed up.
You fade into invisibility!
You feel mightier all of a sudden.
You flicker for a moment.
You see here a +0 club.
There is an open door here.
There is an open door here.
You flicker back into view.
There is an open door here.
There is a staircase leading out of the dungeon here.
Your extra speed is starting to run out.
You have escaped!

##.##.............###.......##.#.
##.##.............# #.......##.#.
...#############'## #.......##.#.
###### #.# #.......#.... ##...#
#+# #............ .'...#### #.#
#......##.... ##......## ##'##
#............
###......######...#####'#####...#
..........'.'.'.@.'.'.'...).....#
###......######...##########....#
...#..........##'## #.....
...#.....#.....#.# #.....
...#....[#.#.#.#'# #.....
...#.....#.#...#.# #.....
...#....##.#.#.#'# #.###.
...#.......#.#...# #.# #.
...###'#####.#.### #.# #.


There were no monsters in sight!

Vanquished Creatures
  A dread lich (Zot:5)
  2 ancient liches
  An orb of fire (Zot:4)
  A juggernaut (Depths:3)
  3 curse toes
  3 caustic shrikes (Depths:3)
  11 golden dragons
  2 bone dragons (Depths:4)
  An electric golem (Zot:5)
  Jorgrun (Orc:1)
  14 tentacled monstrosities
  21 Orb Guardians
  5 titans
  3 liches
  7 quicksilver dragons
  A walking frostbound tome (Depths:3)
  8 death cobs
  A tentacled starspawn (Abyss:3)
  25 storm dragons
  8 shadow dragons
  2 thorn hunters
  2 tengu reavers
  7 sphinxes
  2 azure jellies (Swamp:4)
  9 draconian knights
  4 fire giants
  6 draconian monks
  An iron dragon (Vaults:5)
  2 deep elf sorcerers (Vaults:5)
  11 emperor scorpions
  21 vault wardens
  The ghost of Tiurph the Severer, a journeyman DDFi of Makhleb (D:15)
  An orc warlord (Orc:2)
  Aizul (Depths:2)
  6 draconian scorchers
  9 frost giants
  A cacodemon (Depths:4)
  4 spectral caustic shrikes (Depths:1)
  8 draconian shifters
  7 ghost moths
  4 draconian annihilators
  4 draconian stormcallers
  4 war gargoyles
  3 spriggan defenders (Depths:3)
  2 broodmothers (Spider:4)
  8 ironbound thunderhulks
  20 ironbound preservers
  The ghost of Xoff the Thaumaturge, a journeyman GnHW of Vehumet (D:13)
  16 very ugly things
  10 stone giants
  The ghost of Ozyhouw the Geomancer, a journeyman GrEE of Dithmenos (Lair:4)
  13 green draconians
  Nessos (Orc:2)
  A juggernaut skeleton (Depths:1)
  A lorocyproca (Zot:4)
  4 deep elf demonologists
  2 eleionomae
  14 purple draconians
  2 vampire knights
  A bunyip (shapeshifter) (Depths:4)
  14 yellow draconians
  8 entropy weavers
  A deep elf annihilator (Vaults:5)
  28 dire elephants
  20 black draconians
  13 red draconians
  9 spark wasps
  8 bunyips
  13 white draconians
  A blizzard demon (Abyss:3)
  14 fire dragons
  8 ettins
  5 jiangshi
  3 deep elf high priests
  15 yaktaur captains
  9 great orbs of eyes
  8 ice dragons
  A hell beast (Zot:5)
  Fannar (Lair:1)
  4 rakshasas
  An ice dragon (shapeshifter) (Vaults:4)
  2 ogre magi (D:13)
  2 ghost crabs
  35 vault guards
  18 hydras
  5 spriggan air magi
  Erolcha (D:9)
  3 peacekeepers
  6 ironbound frosthearts
  7 centaur warriors
  5 two-headed ogres
  A radroach (shapeshifter) (Depths:1)
  7 boulder beetles
  5 deep troll shamans
  2 dancing weapons (D:14)
  The ghost of PaleRider the Destroyer, a journeyman DECj of Vehumet (D:11)
  2 death knights (Vaults:2)
  6 radroaches
  9 alligators
  10 tengu warriors
  8 deep troll earth magi
  3 hell hogs (Abyss:3)
  6 orc high priests (Orc:2)
  3 spriggan berserkers
  4 thrashing horrors (Abyss:3)
  A spectral dire elephant (Lair:6)
  2 large abominations (Abyss:3)
  2 vampire magi
  A titan zombie (Vaults:2)
  19 death yaks
  A wretched star (Abyss:3)
  8 hell knights
  4 skeletal warriors (D:15)
  5 iron trolls
  2 shadow wraiths (Vaults:2)
  2 goliath frogs
  69 deep trolls
  2 pharaoh ants (Spider:3)
  A spectral anaconda (Lair:6)
  2 sun moths
  10 spriggan druids
  A fire crab (Lair:4)
  3 glowing orange brains
  10 orb spiders
  A flayed ghost (Vaults:5)
  A swamp dragon (shapeshifter) (Depths:2)
  15 lindwurms
  6 wizards
  4 bog bodies
  An orange crystal statue (Zot:5)
  4 swamp dragons
  7 steelbarb worms
  5 orc knights
  8 necromancers
  A sphinx zombie (Depths:3)
  4 phantasmal warriors
  14 wolf spiders
  33 ironbound convokers
  2 deep elf pyromancers (D:15)
  A tengu skeleton (Depths:3)
  47 ugly things
  4 will-o-the-wisps
  5 manticores
  A frost giant skeleton (Vaults:3)
  27 moths of wrath
  7 cyclopes
  18 elephants
  A stone giant skeleton (Vaults:3)
  2 dire elephant zombies (Lair:6)
  2 gargoyles
  3 spectral centaurs (D:11)
  An orange demon (Depths:4)
  Joseph (D:7)
  2 black mambas
  A naga mage (D:15)
  20 vault sentinels
  2 molten gargoyles (Volcano)
  A titan simulacrum (Vaults:3)
  7 torpor snails
  4 rime drakes
  A yaktaur zombie (Vaults:3)
  10 unseen horrors
  15 cane toads
  7 kobold demonologists
  11 demonic crawlers
  14 komodo dragons
  6 freezing wraiths
  2 unseen horror zombies (D:8)
  4 tengu conjurers
  A komodo dragon (shapeshifter) (D:13)
  26 yaktaurs
  3 efreet
  8 meliai
  11 trolls
  10 tyrant leeches
  22 blink frogs
  4 spectral elephants (Lair:6)
  A hornet (shapeshifter) (D:13)
  3 polar bears
  A harpy skeleton (Abyss:3)
  12 hornets
  39 slime creatures
  A shadow dragon simulacrum (Depths:3)
  A stone giant simulacrum (Depths:1)
  A tarantella (shapeshifter) (D:15)
  26 tarantellas
  7 dream sheep (Lair:5)
  A blink frog (shapeshifter) (Vaults:5)
  A jumping spider (shapeshifter) (D:15)
  22 culicivoras
  14 spriggans
  A shadow (D:11)
  26 jumping spiders
  5 wyverns
  A wraith (D:14)
  3 water elementals (Depths:1)
  60 yaks
  7 basilisks
  5 fire bats
  A golden eye (shapeshifter) (D:15)
  A chaos spawn (Depths:2)
  12 vampire mosquitoes
  4 swamp worm simulacra (Swamp:4)
  Menkaure (D:4)
  71 redbacks
  17 swamp worms
  A spectral cane toad (Lair:6)
  10 wargs
  A glowing shapeshifter zombie (Depths:1)
  13 hydra simulacra (Swamp:4)
  10 water moccasins
  3 ice beasts
  2 black bears
  2 swamp drakes (Swamp:1)
  20 orc warriors
  5 sky beasts
  7 ogres
  6 boggarts
  2 spriggan simulacra (Depths:1)
  An elephant zombie (Lair:6)
  12 wolves
  6 centaurs
  An elephant skeleton (Lair:6)
  3 phantoms
  9 bullfrogs
  13 kobold brigands
  3 gnoll sergeants
  2 human skeletons (Vaults:2)
  2 necrophages
  2 scorpions
  7 wights (D:8)
  An elephant simulacrum (Lair:6)
  7 electric eels
  14 killer bees
  2 human zombies
  7 lava snakes (Volcano)
  3 small abominations
  3 jellies
  A gnoll bouda (D:8)
  4 centaur zombies (D:8)
  44 orc priests
  3 hounds
  Crazy Yiuf (D:6)
  A spectral boggart (D:11)
  Terence (D:3)
  A boggart zombie (D:11)
  12 iguanas
  21 orc wizards
  5 hell rats (Lair:4)
  A killer bee zombie (D:8)
  A mummy (D:8)
  Robin (D:3)
  2 adders
  23 gnolls
  2 shadow imps (D:6)
  2 white imps
  4 swamp drake simulacra (Swamp:4)
  An ufetubus (D:5)
  3 worms
  4 dart slugs
  99 orcs
  8 endoplasms
  5 giant cockroaches
  17 goblins
  11 hobgoblins
  2 jackals (D:2)
  5 quokkas
  4 ball pythons
  6 bats
  2 frilled lizards
  9 kobolds
  3 rats
  4 briar patches (Swamp:4)
  2 plants
  2 starspawn tentacles (Abyss:3)
2076 creatures vanquished.

Vanquished Creatures (collateral kills)
  Arachne (Spider:4)
  2 draconian shifters (Zot:4)
  An entropy weaver (Vaults:2)
  A moth of wrath (Zot:2)
  A meliai (Spider:2)
  A slime creature (Vaults:2)
7 creatures vanquished.

Vanquished Creatures (others)
  A golden dragon (Zot:4)
  A draconian knight (Zot:4)
  An alligator (Swamp:4)
  A tengu conjurer (Depths:4)
  A redback (Spider:3)
  A swamp worm (Swamp:4)
  An orc warrior (Orc:2)
  A small abomination (Abyss:3)
  An orc wizard (D:13)
  An orc (D:13)
  21 foxfires
  37 fungi
  58 plants
  28 withered plants
154 creatures vanquished.

Grand Total: 2237 creatures vanquished

Notes
Turn   | Place    | Note
-------+----------+-------------------------------------------
     0 | D:1      | Endy73 the Hill Orc Berserker began the quest for the Orb.
     0 | D:1      | Reached XP level 1. HP: 19/19 MP: 1/1
   317 | D:1      | Reached XP level 2. HP: 27/27 MP: 2/2
   830 | D:1      | You fall into a shaft and drop 1 floor!
   866 | D:2      | Found a stormy altar of Qazlal.
   898 | D:2      | Reached XP level 3. HP: 19/34 MP: 3/3
  1182 | D:1      | Identified a scroll of acquirement
  1182 | D:1      | Acquired a manual of Axes
  1211 | D:1      | Found a faded altar of an unknown god.
  1472 | D:2      | Reached skill level 5 in Axes
  1472 | D:2      | Found Buweob's Book Emporium.
  1495 | D:2      | Reached XP level 4. HP: 41/41 MP: 4/4
  1708 | D:2      | Reached ** piety under Trog
  1858 | D:2      | Found the +7 staff of the Meek {protect, meekguard}
  2038 | D:3      | Noticed Robin
  2039 | D:3      | Noticed an ogre
  2336 | D:3      | Found a snail-covered altar of Cheibriados.
  2415 | D:3      | Killed Robin
  2593 | D:3      | Noticed Terence
  2602 | D:3      | Killed Terence
  2603 | D:3      | Reached XP level 5. HP: 23/47 MP: 5/5
  2832 | D:3      | Killed an ogre
  2833 | D:3      | Reached XP level 6. HP: 53/53 MP: 6/6
  3447 | D:4      | Noticed Menkaure
  3457 | D:4      | Killed Menkaure
  3458 | D:4      | Reached skill level 5 in Fighting
  3839 | D:4      | Found an ancient bone altar of Kikubaaqudgha.
  4148 | D:4      | Found a stormy altar of Qazlal.
  4240 | D:4      | Reached XP level 7. HP: 54/61 MP: 7/7
  4537 | D:5      | Entered Level 5 of the Dungeon
  4630 | D:5      | Reached skill level 10 in Axes
  4630 | D:5      | Reached skill level 5 in Armour
  5131 | D:5      | Found a hide-covered altar of Uskayaw.
  5134 | D:5      | Found an ornate altar of the Wu Jian Council.
  5144 | D:5      | Found a sacrificial altar of Ru.
  5144 | D:5      | Found a radiant altar of Vehumet.
  5153 | D:5      | Found a bloodstained altar of Trog.
  5455 | D:5      | Reached XP level 8. HP: 64/70 MP: 8/8
  5698 | D:6      | Reached *** piety under Trog
  5857 | D:6      | Found a runed translucent door.
  5858 | D:6      | Noticed Crazy Yiuf
  6052 | D:6      | Found a staircase to the Ecumenical Temple.
  6334 | D:6      | Reached XP level 9. HP: 59/79 MP: 9/9
  6450 | D:6      | Reached skill level 1 in Shields
  6461 | D:6      | Reached skill level 15 in Axes
  6756 | D:6      | Killed Crazy Yiuf
  7008 | D:7      | Noticed Joseph
  7177 | D:7      | Killed Joseph
  7295 | D:7      | Found a broken altar of Ashenzari.
  7431 | D:7      | Found a blossoming altar of Fedhas.
  7855 | D:8      | Found a basalt altar of Yredelemnul.
  7883 | D:8      | Reached **** piety under Trog
  7884 | D:8      | Reached XP level 10. HP: 90/90 MP: 10/10
  8366 | D:8      | Noticed a two-headed ogre
  8380 | D:8      | Killed a two-headed ogre
  8998 | D:8      | Found an iron altar of Okawaru.
  9121 | D:9      | Reached skill level 10 in Fighting
  9360 | D:9      | Found a staircase to the Lair.
  9371 | D:9      | Reached XP level 11. HP: 101/101 MP: 11/11
  9375 | D:9      | Reached skill level 1 in Throwing
  9424 | D:9      | Found Payrphawn's General Store.
  9440 | D:9      | Noticed a cyclops
  9453 | D:9      | Killed a cyclops
  9628 | D:9      | Noticed Erolcha
  9637 | D:9      | Killed Erolcha
  9968 | D:9      | Found a white marble altar of Elyvilon.
 10143 | D:10     | Entered Level 10 of the Dungeon
 10364 | D:10     | Found a staircase to the Orcish Mines.
 10422 | D:10     | Noticed a two-headed ogre
 10430 | D:10     | Killed a two-headed ogre
 10529 | D:10     | Noticed an orange crystal statue
 10719 | D:10     | Noticed a cyclops
 10730 | D:10     | Killed a cyclops
 10731 | D:10     | Reached skill level 10 in Armour
 11008 | D:10     | Noticed a manticore
 11024 | D:10     | Killed a manticore
 11396 | D:11     | Noticed a seven-headed hydra
 11408 | D:11     | Killed a seven-headed hydra
 11736 | D:11     | Noticed a two-headed ogre
 11741 | D:11     | Killed a two-headed ogre
 12296 | D:11     | Identified the +11 halberd "Xeant" {freeze, rN+ rCorr Int+2
                  | Dex-5}
 12297 | D:11     | Noticed a cyclops
 12306 | D:11     | Killed a cyclops
 12307 | D:11     | Reached XP level 12. HP: 99/112 MP: 12/12
 12453 | D:11     | Noticed a two-headed ogre
 12459 | D:11     | Killed a two-headed ogre
 12469 | D:11     | Reached skill level 1 in Maces & Flails
 12879 | D:11     | Found a runed translucent gate.
 12879 | D:11     | Found a runed translucent gate.
 12880 | D:11     | Found a runed translucent gate.
 12883 | D:11     | Noticed PaleRider's ghost (journeyman DECj)
 13669 | D:12     | Reached ***** piety under Trog
 14143 | D:12     | Noticed a two-headed ogre
 14148 | D:12     | Killed a two-headed ogre
 14537 | D:13     | Noticed a boulder beetle
 14565 | D:13     | Killed a boulder beetle
 14857 | Lair:1   | Entered Level 1 of the Lair of Beasts
 15255 | Lair:1   | Noticed Fannar
 15275 | Lair:1   | Killed Fannar
 15282 | Lair:1   | Reached XP level 13. HP: 123/123 MP: 13/13
 16427 | Lair:2   | Received a gift from Trog
 17786 | Lair:2   | Found a hole to the Spider Nest.
 18133 | Lair:2   | Reached skill level 15 in Fighting
 19845 | Lair:3   | Identified the +0 ring mail "Nuwaad" {rElec Will+}
 20289 | Lair:3   | You fall into a shaft and drop 2 floors!
 20294 | Lair:5   | Identified the +3 falchion of the Little People {spect,
                  | Will- rCorr MP+9}
 20693 | Lair:4   | Reached XP level 14. HP: 136/136 MP: 14/14
 21828 | Lair:4   | Found a runed translucent gate.
 21829 | Lair:4   | Found a runed translucent gate.
 21830 | Lair:4   | Found a runed translucent gate.
 21831 | Lair:4   | Noticed Ozyhouw's ghost (journeyman GrEE)
 22039 | Lair:4   | Found a staircase to the Swamp.
 22843 | Lair:6   | Entered Level 6 of the Lair of Beasts
 22891 | Lair:5   | Reached skill level 15 in Armour
 23123 | Lair:5   | Found a viscous altar of Jiyva.
 23123 | Lair:5   | Found a staircase to the Slime Pits.
 23639 | Lair:5   | Received a gift from Trog
 25799 | Lair:6   | Reached XP level 15. HP: 141/147 MP: 15/15
 26739 | Lair:6   | Identified the ring "Gokkatug" {rF++ rC- AC+4 Dex+2}
 27933 | Orc:1    | Entered Level 1 of the Orcish Mines
 28284 | Orc:1    | Found a roughly hewn altar of Beogh.
 28370 | Orc:1    | Found a dark tunnel.
 28379 | Volcano  | Entered a volcano
 28885 | Volcano  | Found a radiant altar of Vehumet.
 29003 | Volcano  | Identified the +2 pair of gloves of the Stone Wall {Rampage
                  | rElec rF+}
 29260 | Orc:2    | Entered Level 2 of the Orcish Mines
 29260 | Orc:2    | Noticed an orc warlord
 29285 | Orc:2    | Noticed Nessos
 29285 | Orc:2    | Found a staircase to the Elven Halls.
 29285 | Orc:2    | Found a frozen archway.
 29995 | Orc:2    | Noticed Jorgrun
 30010 | Orc:1    | Killed Jorgrun
 31099 | Orc:1    | Reached XP level 16. HP: 159/159 MP: 16/16
 31322 | Orc:2    | Killed Nessos
 31337 | Orc:2    | Received a gift from Trog
 32229 | Orc:2    | Found a roughly hewn altar of Beogh.
 32246 | Orc:2    | Found a roughly hewn altar of Beogh.
 32318 | Orc:2    | Found Tecs's Antique Weapon Boutique.
 32318 | Orc:2    | Found Faxan's Jewellery Emporium.
 32481 | Orc:2    | Found Divo's Jewellery Shoppe.
 32592 | Orc:2    | Found a roughly hewn altar of Beogh.
 32602 | Orc:2    | Found Puoreg's Book Boutique.
 32602 | Orc:2    | Found Tudimag's Book Emporium.
 32764 | D:11     | Killed PaleRider's ghost
 33046 | Spider:1 | Entered Level 1 of the Spider Nest
 33058 | Spider:1 | Reached XP level 17. HP: 158/165 MP: 17/17
 33516 | Spider:1 | Upgraded the game from 0.29-a0-838-g385bb11a5b to
                  | 0.29-a0-841-g116ddc6ace
 38151 | Spider:2 | Identified the +10 spear of the Endless March {vorpal,
                  | *Slow Fly rF+ rCorr}
 40422 | Spider:3 | Received a gift from Trog
 40911 | Spider:4 | Entered Level 4 of the Spider Nest
 41143 | Spider:4 | Noticed Arachne
 41166 | Spider:4 | Killed Arachne
 42363 | Spider:4 | Reached XP level 18. HP: 180/180 MP: 18/18
 43434 | Spider:4 | Received a gift from Trog
 44322 | Spider:4 | Got a gossamer rune of Zot
 45418 | Spider:3 | Reached skill level 27 in Axes
 46174 | Lair:4   | Killed Ozyhouw's ghost
 46175 | Lair:4   | Reached skill level 5 in Dodging
 46390 | Lair:4   | Identified the +2 scimitar "Eran" {venom, Dex+5}
 46398 | Lair:4   | Identified the +7 lajatang of the Viper {elec, rElec rF+
                  | Str-3 Int+2}
 46457 | Swamp:1  | Entered Level 1 of the Swamp
 47419 | Swamp:1  | Identified the +7 demon blade "Viozoucehy" {flame, Stlth+}
                  | (Trog gifted it to you on level 1 of the Swamp)
 47419 | Swamp:1  | Received a gift from Trog
 47526 | Swamp:1  | Identified the +1 robe of Niotyhec {Dex+4}
 49655 | Swamp:3  | Reached XP level 19. HP: 113/193 MP: 19/19
 50519 | Swamp:4  | Entered Level 4 of the Swamp
 53308 | Swamp:4  | Got a decaying rune of Zot
 53901 | D:13     | Identified the ring "Diqoka" {rN+ MP+9 Int+4 Slay-5}
 53994 | D:13     | Identified the +1 leather armour "Cytureny" {rF+ Regen+
                  | Slay+5 Stlth-}
 54104 | D:13     | Found a glowing silver altar of Zin.
 54414 | D:13     | Received a gift from Trog
 55070 | D:13     | Found a runed translucent gate.
 55071 | D:13     | Found a runed translucent gate.
 55072 | D:13     | Found a runed translucent gate.
 55074 | D:13     | Noticed Xoff's ghost (journeyman GnHW)
 55294 | D:14     | Identified the +2 robe of the Pit {rPois MP+9 Stlth+}
 55301 | D:14     | Found a gate to the Vaults.
 55535 | D:14     | Identified the amulet "Xuevater" {Reflect Drain rF- Will+
                  | Slay+4 SH+5 Stlth+}
 55546 | D:14     | Identified the +1 halberd of Fumaasuc {pain, rPois rN+++
                  | Will+ Str-4}
 55985 | Vaults:1 | Entered Level 1 of the Vaults
 56034 | Vaults:1 | Reached ****** piety under Trog
 56621 | Vaults:1 | Received a gift from Trog
 56775 | Vaults:1 | Found Emobuim's Book Emporium.
 57191 | Vaults:1 | Reached XP level 20. HP: 185/207 MP: 20/20
 59040 | Vaults:2 | Received a gift from Trog
 59690 | Vaults:2 | Upgraded the game from 0.29-a0-841-g116ddc6ace to
                  | 0.29-a0-845-g6161e89988
 60440 | Vaults:2 | Identified the +12 morningstar of Sloth {distort, rElec rN+
                  | rCorr Dex+3}
 60656 | Vaults:2 | Identified the +0 ring mail of the Minstrel {-Tele +Inv Fly
                  | rC+ Int+10}
 60661 | Vaults:2 | Found a staircase to the Crypt.
 61234 | Vaults:2 | Received a gift from Trog
 62042 | Vaults:2 | Reached XP level 21. HP: 201/222 MP: 21/21
 62425 | Vaults:2 | Reached skill level 27 in Fighting
 62668 | Vaults:3 | Paralysed by a great orb of eyes for 2 turns
 63636 | Vaults:3 | Found Polorieg's Antique Armour Emporium.
 63695 | Vaults:3 | Found Velil's General Store.
 63702 | Vaults:3 | Bought a potion of heal wounds for 70 gold pieces
 63702 | Vaults:3 | Bought a wand of digging (3) for 176 gold pieces
 63702 | Vaults:3 | Bought a potion of heal wounds for 70 gold pieces
 63702 | Vaults:3 | Bought a potion of curing for 42 gold pieces
 64546 | Vaults:4 | Noticed a golden dragon
 64562 | Vaults:4 | Killed a golden dragon
 64564 | Vaults:4 | Received a gift from Trog
 65255 | Abyss:2  | Found a corrupted altar of Lugonu.
 65255 | Abyss:2  | Cast into level 2 of the Abyss (a wizard)
 65408 | Abyss:3  | Noticed an ancient lich
 65420 | Abyss:3  | Killed an ancient lich
 65428 | Vaults:4 | Escaped the Abyss
 65737 | Vaults:4 | Reached XP level 22. HP: 111/227 MP: 22/22
 65740 | Vaults:4 | Received a gift from Trog
 66110 | Vaults:5 | Entered Level 5 of the Vaults
 66130 | Vaults:5 | Noticed a golden dragon
 66483 | Vaults:5 | HP: 8/233 [vault warden/+0 great sword of distortion (8)]
 66504 | Vaults:5 | Noticed a golden dragon
 66518 | Vaults:5 | Killed a golden dragon
 67010 | Vaults:5 | Noticed a golden dragon
 67020 | Vaults:5 | Killed a golden dragon
 67035 | Vaults:5 | Received a gift from Trog
 67258 | Vaults:5 | Reached XP level 23. HP: 240/240 MP: 23/23
 67742 | Vaults:5 | Killed a golden dragon
 67927 | Vaults:5 | Noticed an ancient lich
 67941 | Vaults:5 | Killed an ancient lich
 67942 | Vaults:5 | Reached XP level 24. HP: 220/249 MP: 23/23
 68095 | Vaults:5 | Got a silver rune of Zot
 68214 | Vaults:4 | Reached skill level 27 in Armour
 69634 | D:15     | Entered Level 15 of the Dungeon
 69665 | D:15     | Found a hide-covered altar of Uskayaw.
 69831 | D:15     | Reached skill level 10 in Dodging
 70303 | D:15     | Received a gift from Trog
 70548 | D:15     | Found a runed translucent door.
 70549 | D:15     | Noticed Tiurph's ghost (journeyman DDFi)
 70551 | D:15     | Identified the +6 trident "Gemaavi" {vorpal, Str+4 Int+3}
 70724 | D:15     | Found a staircase to the Depths.
 70948 | D:15     | Killed Tiurph's ghost
 71178 | Depths:1 | Entered Level 1 of the Depths
 71695 | Depths:1 | Found a one-way gateway to a ziggurat.
 71700 | Depths:1 | Found a gateway to Hell.
 71758 | Depths:1 | Identified the +1 leather armour "Huhoch" {Regen+ Int+4}
 72298 | Depths:2 | Noticed Aizul
 72319 | Depths:2 | Killed Aizul
 72722 | Depths:2 | Found an ancient bone altar of Kikubaaqudgha.
 73210 | Depths:2 | Found a one-way gate leading to the halls of Pandemonium.
 73213 | Depths:2 | Found the +8 orange crystal plate armour {Archmagi, Int+3
                  | Clar}
 73534 | Depths:2 | Identified the +5 ring mail of Lamev {*Corrode rElec
                  | Stlth+}
 73969 | Depths:3 | Reached XP level 25. HP: 193/243 MP: 23/23
 74080 | Depths:3 | Identified the +7 broad axe of Ceupumakh {vorpal, Drain
                  | rPois Str-3 Dex+9}
 74199 | Depths:3 | Noticed a juggernaut
 74228 | Depths:3 | Killed a juggernaut
 74431 | Depths:3 | Identified the +2 spear of the Pillar {vorpal, Will+ Int+4
                  | Stlth+}
 74661 | Depths:3 | Found Jojuvvae's Book Shoppe.
 75129 | Depths:3 | Found Woiloc's Distillery.
 75137 | Depths:3 | Bought a potion of curing for 72 gold pieces
 75137 | Depths:3 | Bought a potion of might for 96 gold pieces
 75137 | Depths:3 | Bought a potion of curing for 72 gold pieces
 75137 | Depths:3 | Bought a potion of curing for 72 gold pieces
 75137 | Depths:3 | Bought a potion of cancellation for 192 gold pieces
 75137 | Depths:3 | Found Qomno's Book Shoppe.
 75169 | Depths:3 | Found Qesuof's Assorted Antiques.
 75177 | Depths:3 | Bought a potion of curing for 126 gold pieces
 75177 | Depths:3 | Bought a scroll of teleportation for 126 gold pieces
 75177 | Depths:3 | Bought a potion of curing for 126 gold pieces
 75204 | Depths:3 | Found a one-way gate to the infinite horrors of the Abyss.
 75333 | Depths:3 | Found a shimmering altar of Xom.
 75334 | Depths:3 | Found a radiant altar of Vehumet.
 75334 | Depths:3 | Found a radiant altar of Vehumet.
 75355 | Depths:3 | Found an ornate altar of the Wu Jian Council.
 75355 | Depths:3 | Found a burning altar of Makhleb.
 75355 | Depths:3 | Found an ancient bone altar of Kikubaaqudgha.
 75678 | D:13     | Received a gift from Trog
 75698 | D:13     | Killed Xoff's ghost
 75810 | D:13     | Acquired 805 gold pieces
 76012 | Depths:4 | Entered Level 4 of the Depths
 76024 | Depths:3 | Reached skill level 15 in Dodging
 77684 | Depths:4 | Found Zeuvamun's Book Shop.
 77684 | Depths:4 | Found Laloi's Jewellery Shoppe.
 77685 | Depths:4 | Found Zyriz's Book Shop.
 77697 | Depths:4 | Bought a +4 ring of slaying for 1638 gold pieces
 77774 | Depths:4 | Received a gift from Trog
 78129 | Depths:4 | Reached skill level 5 in Evocations
 78275 | Depths:4 | Found a gate to the Realm of Zot.
 78326 | Zot:1    | Entered Level 1 of the Realm of Zot
 79069 | Zot:1    | Reached XP level 26. HP: 243/266 MP: 23/23
 81743 | Zot:2    | Found a runed translucent door.
 81743 | Zot:2    | Noticed Xiuhytzi's ghost (adept MiFi)
 82264 | Zot:3    | Received a gift from Trog
 84941 | Zot:4    | Received a gift from Trog
 84986 | Zot:4    | Reached XP level 27. HP: 83/273 MP: 23/23
 86051 | Zot:5    | Entered Level 5 of the Realm of Zot
 86685 | Zot:5    | Noticed a dread lich
 86693 | Zot:5    | Killed a dread lich
 86928 | Zot:5    | Noticed an orb of fire
 86936 | Zot:5    | Gained mutation: You are frail. (-10% HP) [an orb of fire]
 86939 | Zot:5    | Gained mutation: You are dopey. (Int -2) [an orb of fire]
 86940 | Zot:5    | Gained mutation: Potions are less effective at restoring
                  | your health. [an orb of fire]
 86951 | Zot:5    | Gained mutation: You occasionally lose the ability to drink
                  | potions when taking damage. [an orb of fire]
 86977 | Zot:4    | Killed an orb of fire
 87045 | Zot:4    | Lost mutation: Potions are less effective at restoring your
                  | health. [potion of mutation]
 87045 | Zot:4    | Lost mutation: You occasionally lose the ability to drink
                  | potions when taking damage. [potion of mutation]
 87045 | Zot:4    | Lost mutation: You are frail. (-10% HP) [potion of
                  | mutation]
 87045 | Zot:4    | Gained mutation: You are partially covered in iridescent
                  | scales. (AC +2) [potion of mutation]
 87545 | Zot:5    | Received a gift from Trog
 88225 | Zot:5    | Reached skill level 10 in Evocations
 90751 | Zot:5    | Got the Orb of Zot
 91001 | Depths:2 | Noticed Nynet the pandemonium lord
 91388 | D:$      | Escaped with the Orb!

Illustrated notes

Levels and vault maps discovered:
D:1:      minmay_arrival_doors, layout_basic,
          dreamdust_ecumenical_altar_angels_and_demons, minmay_cupped
D:2:      layout_loops_ring, basic_altar, serial_shops, shop
D:3:      layout_basic, cheibriados_altar_1, uniq_terence, uniq_robin
D:4:      layout_basic, lemuel_tele_altar, kennysheep_little_box, serial_forest,
          infiniplex_forest_straight_4, infiniplex_forest_clump_medium,
          infiniplex_forest_corner_1, infiniplex_forest_join,
          infiniplex_forest_clump_small, infiniplex_forest_straight_5,
          uniq_menkaure
D:5:      layout_loops_ring, nicolae_overflow_hallway_of_the_gods, minivault_26
D:6:      layout_gridville, minmay_temple_entry_large_hall, wad_floor_pattern_1,
          reono_crystal_passage, kennysheep_small_spiral,
          kennysheep_small_circle, uniq_crazy_yiuf_cottage
D:7:      layout_basic, lemuel_doored_altar, mainiacjoe_overflow_catwalk,
          uniq_joseph
D:8:      layout_basic, mainiacjoe_overflow_alcove_2,
          lemuel_mausoleum_altar_yredelemnul
D:9:      layout_stronghold, overflow_temple_1_default,
          erik_lair_orcish_takeover, serial_shops,
          nicolae_shop_advertising_works [nicolae_subvault_shop_adworks],
          uniq_erolcha
D:10:     minmay_statue_hallways, layout_basic, orc_0_dummy
D:11:     layout_stronghold, gammafunk_ghost_necromancy
D:12:     layout_stronghold
D:13:     minmay_box_of_curves, layout_basic, gammafunk_ghost_nasty_kobolds,
          zin_angel
D:14:     layout_rooms, erik_vaults_1, corexii_hall_statues_l
D:15:     hangedman_depths_entry_try_elsewhere_first, layout_loops_corners,
          nicolae_uskayaw_en_pointe, ebering_ghost_funeral_grove,
          small_chamber_with_monster, grunt_tough_drop
Lair:1:   layout_cave_shapes, serial_bayou_shore_a, uniq_fannar
Lair:2:   nzn_winding_woodlands_stair_cross [nzn_winding_woodlands_5x15_cabin,
          nzn_winding_woodlands_center_diamonds,
          nzn_winding_woodlands_5x15_pathside_ponds,
          nzn_winding_woodlands_5x5_closed_star,
          nzn_winding_woodlands_5x5_cross,
          nzn_winding_woodlands_5x15_sidewinder,
          nzn_winding_woodlands_center_lodge,
          nzn_winding_woodlands_5x15_crooked], layout_cave_pods,
          dummy_spider_entry, serial_forest, infiniplex_forest_straight_5,
          infiniplex_forest_clump_small, infiniplex_forest_lined_room_3,
          infiniplex_forest_clump_long, infiniplex_forest_straight_1,
          infiniplex_forest_3_way, infiniplex_forest_clump_tiny,
          infiniplex_forest_zigzag_1, infiniplex_forest_join,
          beast_lair_carwin_3
Lair:3:   layout_gridlike
Lair:4:   layout_regular_city, minmay_swamp_entry_reptiles,
          gammafunk_ghost_hydra_chop, beast_lair_carwin_9
Lair:5:   layout_cave_pods, minmay_slime_entry_pillars, serial_bayou_lake_a
Lair:6:   due_jungle_book, layout_regular_city, grunt_megastairs_1,
          lemuel_fruit_tree, infiniplex_staircase_pool_2
Swamp:1:  layout_basic_swamp, evilmike_swamp_ruin_rubble_2, swamp_pool1,
          nzn_swamp_dancing_lights
Swamp:2:  nicolae_swamp_tree_isthmus, layout_falls_marsh,
          nicolae_swamp_tree_designs
Swamp:3:  layout_basic_swamp, nicolae_swamp_decorative_isthmus, swamp_pool1
Swamp:4:  swamp_icy, layout_basic_swamp, swamp_pool1, nicolae_swamp_treefoil,
          nicolae_swamp_small_spring
Spider:1: layout_spider_delve
Spider:2: layout_chambers, hellmonk_narrow_tunnel
Spider:3: layout_spider_delve
Spider:4: grunt_spider_rune_circles, uniq_arachne
Orc:1:    layout_caves, basic_altar, nicolae_volcano_entry_batcave
Orc:2:    st_orc_town, layout_caves, serial_shops, nicolae_shop_hallway_stairs,
          basic_altar, portal_ice_cave_rime, mines1_david, uniq_jorgrun,
          uniq_nessos
Vaults:1: st_cross, vaults_dpeg_diagonal, hangedman_vaults_stitches,
          vaults_standard_mumra_x, ontoclasm_vaults_chip,
          ontoclasm_vaults_ligature, v_misc_23, nicolae_vaults_disjoint_gnomons,
          ontoclasm_vaults_chip, nicolae_vaults_alarming,
          ontoclasm_vaults_bender, nicolae_vaults_little_squares_3,
          grunt_vaults_hallway_short, nicolae_vaults_little_ls,
          layout_vaults_omnibox, serial_shops, nicolae_shop_crystal
Vaults:2: nicolae_vaults_specimen_jars, nicolae_vaults_arrows,
          ontoclasm_vaults_hangar, grunt_vaults_diagonal, v_rooms_1,
          v_pattern_3, nicolae_vaults_twisting_passages,
          nicolae_vaults_little_squares_4, layout_vaults_chaotic_city,
          blue_anna_dwarven_crypt
Vaults:3: dpeg_vaults_monster_box, nicolae_vaults_puzzle_piece,
          grunt_vaults_funnel, v_misc_29, v_pattern_2, vaults_room_corners,
          vaults_room_door_ring, ontoclasm_vaults_misaligned,
          vaults_room_semicircle, vaults_room_pool,
          nicolae_vaults_little_squares_6, ontoclasm_vaults_hangar,
          nicolae_vaults_circle_grid_b, hangedman_vaults_corner_blocks,
          layout_vaults_maze, serial_shops, nicolae_shop_behind_doors,
          nicolae_shop_stone
Vaults:4: dpeg_vaults_pockets_of_resistance, v_misc_9,
          nicolae_vaults_little_squares_5, ontoclasm_vaults_hangar,
          grunt_vaults_trifunnel, v_alt_pattern_6,
          ontoclasm_vaults_loading_screen, v_misc_14,
          nicolae_vaults_ring_of_whatevers, hangedman_vaults_capsules,
          layout_vaults_ring
Vaults:5
Depths:1: layout_twisted_cross, enter_ziggurat_a, nicolae_water_bricks,
          pf_hell_entry_tar_river, minmay_crystal_room, nicolae_two_hexagons,
          chequers_serial_rivers_micro_d, due_unseen_surprise
Depths:2: minmay_cut_squares, layout_gridlike, nicolae_figureground_pulse,
          pan_entry, hell_entry, kiku_gazebo_garden_becter, uniq_aizul
Depths:3: kennysheep_large_spiral, layout_basic, nrook_campfire, serial_glass,
          glass_columns_b, glass_columns_b, marbit_kobold_abyss_entry,
          serial_shops, nicolae_shop_trees, shop, pf_coc_iceberg,
          doesnt_xom_only_xom, minmay_shoptagon
Depths:4: grunt_zot_entry_pinwheel, layout_gridville,
          pf_vacation_house_of_asmodeus, grunt_megastairs_4, minmay_shop_grove
Zot:1:    layout_basic
Zot:2:    layout_onion_interference, gammafunk_ghost_grave, zot_minivault_5
Zot:3:    layout_twisted_circle
Zot:4:    layout_misc_corridors
Zot:5:    layout_gridlike

Skill      XL: |  1  2  3  4  5  6  7  8  9 10 11 12 13 14 15 16 17 18 19 20 21 22 23 24 25 26 27 |
---------------+----------------------------------------------------------------------------------+-----
Fighting       | 4 5 7 8 10 12 13 15 17 18 19 20 22 24 26 27 | 27.0
Armour         | 3 4 5 6 7 9 10 12 14 15 16 17 19 20 21 24 26 27 | 27.0
Axes           | 5 7 8 9 11 14 17 19 20 21 22 23 24 25 26 27 | 27.0
Shields        | 1 2 |  2.5
Throwing       | 1 |  1.6
Maces & Flails | 1 |  1.5
Dodging        | 2 3 4 5 6 7 8 13 17 19 21 | 21.3
Evocations     | 2 5 8 10 | 10.5

Action                   |  1- 3 |  4- 6 |  7- 9 | 10-12 | 13-15 | 16-18 | 19-21 | 22-24 | 25-27 || total
-------------------------+-------+-------+-------+-------+-------+-------+-------+-------+-------++-------
Melee: Hand axe          |    69 |   174 |    15 |       |       |       |       |       |       ||   258
       Punch             |     1 |     2 |     3 |       |     5 |       |       |       |       ||    11
       War axe           |       |       |   248 |   104 |       |       |       |       |       ||   352
       Battleaxe         |       |       |       |   342 |   335 |       |       |       |       ||   677
       Mace              |       |       |       |     8 |       |       |       |       |       ||     8
       Flail             |       |       |       |       |   162 |       |       |       |       ||   162
       Executioner's axe |       |       |       |       |   355 |  1044 |  1200 |   827 |  1333 ||  4759
Throw: Dart              |       |       |       |     4 |     2 |     3 |     3 |       |     7 ||    19
       Boomerang         |       |       |       |       |       |     2 |       |       |       ||     2
Invok: Berserk           |     2 |     3 |     3 |     9 |     9 |     4 |     5 |     2 |       ||    37
       Trog's Hand       |       |     2 |     4 |     5 |    16 |    11 |    18 |    24 |    18 ||    98
       Brothers in Arms  |       |       |       |       |       |     3 |     2 |     2 |     1 ||     8
Evoke: Wand              |       |       |       |       |       |       |       |     1 |    25 ||    26
       Phantom mirror    |       |       |       |       |       |       |       |       |     2 ||     2
       Box of beasts     |       |       |       |       |       |       |       |       |     1 ||     1
  Use: Scroll            |     5 |     3 |    14 |     2 |    10 |     3 |     3 |    11 |     3 ||    54
       Potion            |       |     1 |       |       |     1 |     2 |     1 |     7 |    20 ||    32
 Stab: Distracted        |       |       |       |       |       |       |       |     1 |       ||     1
       Confused          |       |       |       |       |       |       |       |       |     1 ||     1
Armor: Ring mail         |    22 |       |       |       |       |       |       |       |       ||    22
       Plate armour      |     8 |    88 |   125 |   230 |   658 |   764 |   762 |   465 |       ||  3100
       Crystal plate arm |       |       |       |       |       |       |       |    39 |   971 ||  1010
Dodge: Dodged            |    37 |    45 |    70 |   212 |   448 |   572 |   612 |   539 |   781 ||  3316
Block: Other             |       |       |    33 |     4 |       |       |       |       |       ||    37
       Reflection        |       |       |     2 |       |       |       |       |       |       ||     2

Table legend: (Time is in decaauts)
 A = Elapsed time spent in this place.
 B = Non-inter-level travel time spent in this place.
 C = Inter-level travel time spent in this place.
 D = Time resting spent in this place.
 E = Time spent auto-exploring this place.
 F = Levels seen in this place.
 G = Mean time per level.
                   A        B        C        D        E       F      G
               +--------+--------+--------+--------+--------+-----+--------+
         Total |  90172 |  85904 |   4268 |  38950 |  27525 |  48 | 1878.6 |
       Dungeon |  21072 |  19176 |   1896 |   4428 |  10497 |  15 | 1404.8 |
          Lair |  13856 |  13415 |    441 |   6395 |   5164 |   6 | 2309.3 |
         Swamp |   6641 |   6508 |    133 |   3807 |   1322 |   4 | 1660.2 |
   Spider Nest |  12888 |  12680 |    208 |   8374 |   2000 |   4 | 3222.0 |
  Orcish Mines |   3974 |   3928 |     46 |   2362 |    889 |   2 | 1987.0 |
        Vaults |  13123 |  12788 |    335 |   6295 |   2928 |   5 | 2624.6 |
        Depths |   7164 |   6389 |    775 |   2205 |   2544 |   4 | 1791.0 |
           Zot |  10528 |  10097 |    431 |   4840 |   2139 |   5 | 2105.6 |
         Abyss |    160 |    160 |      0 |      0 |      0 |   2 |   80.0 |
       Volcano |    761 |    761 |      0 |    241 |     41 |   1 |  761.0 |
               +--------+--------+--------+--------+--------+-----+--------+

Top non-repeatable levels by time:
Vaults:2: 4885 daAuts
Spider:4: 4629 daAuts
Spider:2: 3461 daAuts
  Lair:5: 3236 daAuts
Spider:1: 3042 daAuts
  Lair:2: 2957 daAuts
   Zot:1: 2762 daAuts
Vaults:4: 2751 daAuts
   Orc:1: 2740 daAuts
  Lair:4: 2677 daAuts
   Zot:5: 2464 daAuts
Depths:3: 2422 daAuts
  Lair:6: 2372 daAuts
    D:11: 2327 daAuts
Vaults:1: 2292 daAuts
